 Dungeon Crawl Stone Soup version 0.27-a0-1312-g5cdb2b3542 (webtiles) character file.

Game seed: 7236005583141605653

68 bande the Skirmisher (level 4, -3/37 HPs)
             Began as a Palentonga Fighter on June 21, 2021.
             Slain by Sigmund (11 damage)
             ... on level 3 of the Dungeon.
             The game lasted 00:02:43 (2368 turns).

bande the Skirmisher (Palentonga Fighter)           Turns: 2368, Time: 00:02:43

Health: -3/37      AC:  6    Str: 19    XL:     4   Next: 1%
Magic:  4/4        EV:  5    Int:  9    God:
Gold:   104        SH:  8    Dex: 10    Spells: 3/3 levels left

rFire    . . .     SeeInvis +   a - +0 war axe
rCold    . . .     Faith    .   c - +0 kite shield
rNeg     . . .     Spirit   .   b - +0 scale mail
rPois    .         Reflect  .   (no helmet)
rElec    .         Harm     .   (no cloak)
rCorr    .         Rampage  .   (no gloves)
Will     .....                  (no barding)
Stlth    ..........             (no amulet)
HPRegen  0.12/turn              (no ring)
MPRegen  0.09/turn              (no ring)

@: mighty
A: large, rugged brown scales 3, see invisible, deformed body, roll 1, armoured
tail
a: Rolling Charge


You were on level 3 of the Dungeon.
You visited 1 branch of the dungeon, and saw 3 of its levels.

You collected 104 gold pieces.

Inventory:

Hand Weapons
 a - a +0 war axe (weapon)
Armour
 b - a +0 scale mail (worn)
 c - a +0 kite shield (worn)
Potions
 g - 2 potions of curing
 h - a potion of cancellation
 i - a potion of flight


   Skills:
 + Level 3.4 Fighting
 + Level 3.1 Axes
 + Level 2.7 Armour
 + Level 0.2 Dodging
 - Level 0.2 Stealth
 + Level 2.7 Shields


You had 3 spell levels left.
You didn't know any spells.
Your spell library was empty.

Dungeon Overview and Level Annotations

Branches:
Dungeon (3/15)

Altars:

Shops:
D:3 ?

Annotations:
D:3 Sigmund


Innate Abilities, Weirdness & Mutations

You are completely covered in rugged brown scales. (AC +3, +7% HP)
You have supernaturally acute eyesight. (SInv)
Armour fits poorly on your strangely shaped body.
You can roll at nearby foes to attack.
You have a long armoured tail.


Message History

You slash the bat!
You kill the bat!
You have reached level 4!
You feel clever.
You now have 104 gold pieces (gained 17).
Found 15 sling bullets.
You see here 15 sling bullets.
You see here 15 sling bullets.
Found a stone staircase leading down.
Found a whip.
Found 15 stones.
No target in view!
e - 2 scrolls of identify (gained 1)
j - a scroll labelled XIGEUSTR CUGUBO
As you read the scroll of identify, it crumbles to dust.
h - a potion of cancellation
As you read the scroll of identify, it crumbles to dust.
i - a potion of flight
As you read the scroll labelled TEOCRUR BUATZA, it crumbles to dust.
It is a scroll of amnesia.
You feel forgetful for a moment.
As you read the scroll labelled XIGEUSTR CUGUBO, it crumbles to dust.
You feel aware of your surroundings.
It was a scroll of magic mapping.
Found a stone staircase leading up.
Sigmund the Dreaded comes into view.
He is wielding a +2 scythe of protection.
Sigmund shouts!
Sigmund casts a spell.
Sigmund flickers and vanishes for a moment.
Found a robe.
There is a stone staircase leading up here.
You feel very mighty all of a sudden.
Sigmund hits you from afar with a +2 scythe of protection.
Sigmund says, "Now you see me, now you don't..."
Sigmund hits you from afar with a +2 scythe of protection!
Sigmund hits you with a +2 scythe of protection!
You barely miss Sigmund.
Sigmund hits you with a +2 scythe of protection!
* * * LOW HITPOINT WARNING * * *
Sigmund hits you with a +2 scythe of protection!
You die...

#........########.#######*,.,,,*
#...................(...##.#**,*
##........................P.,,,*
..#...#.####.####.P...≈≈..P.,,,*
#.##....# #.####.P..≈≈≈≈PPP,,,*
#.##.#### #......P.≈≈≈≈≈≈..,,**
#.##.# #######..≈≈≈≈≈≈≈.,,*
#.##.# #####.≈≈≈≈≈≈≈≈≈,,*
#.##(## #.<@..≈≈≈≈≈≈≈≈≈≈,*
......# #.##@..≈≈≈≈≈≈≈≈≈,*
#####.# #.*##...≈≈≈≈...,,* #.#
*#.**#..P≈≈≈.PPP,,* #.#
*..,...P..≈≈.PP,,,* #.#
*[.#..P.P./.PP.,,,* #.#
#..#.##..#.#...,,,* #.#
#....,.......##,,** #####.#
*,##.*#.##.###*,**


You could see Sigmund (invisible).

Vanquished Creatures
  An adder (D:2)
  4 endoplasms
  A giant cockroach (D:2)
  5 goblins
  3 hobgoblins
  14 jackals
  7 kobolds
  A quokka (D:2)
  5 ball pythons
  4 bats
  4 frilled lizards
  3 rats
52 creatures vanquished.

Notes
Turn   | Place    | Note
-------+----------+-------------------------------------------
     0 | D:1      | bande the Palentonga Fighter began the quest for the Orb.
     0 | D:1      | Reached XP level 1. HP: 19/19 MP: 1/1
   445 | D:1      | Reached XP level 2. HP: 24/25 MP: 2/2
  1026 | D:1      | Found a faded altar of an unknown god.
  1154 | D:2      | Reached XP level 3. HP: 26/31 MP: 3/3
  2074 | D:3      | Found Zerep's Magic Scroll Shoppe.
  2264 | D:3      | Reached XP level 4. HP: 37/37 MP: 4/4
  2358 | D:3      | Noticed Sigmund
  2368 | D:3      | Slain by Sigmund

Illustrated notes

Levels and vault maps discovered:
D:1:      doesnt_arrival_eight_statues, layout_basic,
          hellmonk_ecumenical_altar_inner_sanctum, minmay_misc_feat_encased
D:2:      layout_rooms, serial_aquarium, aquarium_bridge_long_joined
          [aquarium_subvault_window, aquarium_subvault_wall,
          aquarium_subvault_wall, aquarium_subvault_wall,
          aquarium_subvault_balcony, aquarium_subvault_bridge],
          aquarium_bridge_straight [aquarium_subvault_bridge,
          aquarium_subvault_window, aquarium_subvault_bridge,
          aquarium_subvault_wall], aquarium_window_corner, aquarium_window_fake,
          aquarium_window_corner, aquarium_view_2c, aquarium_view_2g,
          aquarium_balcony_3b, aquarium_pool_split, grunt_ministairs_14
D:3:      layout_loops_ring, serial_shops, nicolae_shop_stone,
          guppyfry_early_lair_pool, uniq_sigmund, uniq_natasha

Skill      XL: |  1  2  3 |
---------------+----------+-----
Axes           | 3 |  3.1
Fighting       | |  3.4
Armour         | |  2.7
Dodging        | |  0.2
Stealth        | |  0.2
Shields        | |  2.7

Action                   |  1- 3 |  4- 6 || total
-------------------------+-------+-------++-------
Melee: War axe           |   108 |     1 ||   109
       Tailslap          |     7 |       ||     7
  Use: Scroll            |     2 |     4 ||     6
       Potion            |       |     1 ||     1
Armor: Scale mail        |    71 |       ||    71
Dodge: Dodged            |    22 |       ||    22
Block: Kite shield       |    55 |       ||    55

Table legend: (Time is in decaauts)
 A = Elapsed time spent in this place.
 B = Non-inter-level travel time spent in this place.
 C = Inter-level travel time spent in this place.
 D = Time resting spent in this place.
 E = Time spent auto-exploring this place.
 F = Levels seen in this place.
 G = Mean time per level.
                   A        B        C        D        E       F      G
               +--------+--------+--------+--------+--------+-----+--------+
         Total |   2430 |   2325 |    105 |      0 |   2008 |   3 |  810.0 |
       Dungeon |   2430 |   2325 |    105 |      0 |   2008 |   3 |  810.0 |
               +--------+--------+--------+--------+--------+-----+--------+

Top non-repeatable levels by time:
     D:1: 1176 daAuts
     D:2: 934 daAuts
     D:3: 320 daAuts
